 Dungeon Crawl Stone Soup version 0.29-a0-330-g52719c12eb (webtiles) character file.

Game seed: 16894616706211738982

10814 tilp the Spear-Bearer (level 11, -1/87 HPs)
             Began as a Mummy Artificer on May 9, 2022.
             Was an Initiate of Gozag.
             Slain by a yak (9 damage)
             ... on level 10 of the Dungeon.
             The game lasted 00:23:44 (12900 turns).

tilp the Spear-Bearer (Mummy Artificer)            Turns: 12900, Time: 00:23:44

Health: -1/87      AC: 12    Str: 21    XL:     11   Next: 41%
Magic:  11/11      EV: 10    Int: 10    God:    Gozag
Gold:   1713       SH:  5    Dex: 18    Spells: 10/10 levels left

rFire   . . .      SeeInvis .   a - +5 trident of Etuqeuz {vorpal, rElec rF+}
rCold   + . .      Faith    .   (no shield)
rNeg    + + +      Spirit   .   q - +0 chain mail
rPois   ∞          Reflect  +   y - +1 helmet
rElec   +          Harm     .   J - +0 cloak
rCorr   .          Rampage  .   (no gloves)
Will    ++...                   (no boots)
Stlth   ..........              f - amulet of reflection
HPRegen 0.24/turn               u - +6 ring of dexterity
MPRegen 0.12/turn               j - ring of willpower

@: gold aura, studying Conjurations
A: cold resistance 1, negative energy resistance 3, torment resistance 2, heat
vulnerability 1, in touch with death 1, no potions
a: Renounce Religion, Potion Petition, Call Merchant, Bribe Branch


You were on level 10 of the Dungeon.
You worshipped Gozag.
Gozag was most pleased with you.
You visited 2 branches of the dungeon, and saw 11 of its levels.

You collected 1774 gold pieces.
You paid 61 gold pieces to Gozag.

Inventory:

Hand Weapons
 a - the +5 trident of Etuqeuz (weapon) {vorpal, rElec rF+}
   (You found it on level 4 of the Dungeon)

   It inflicts extra damage upon your enemies.
   rF:        It protects you from fire.
   rElec:     It insulates you from electricity.
 b - the +12 short sword of Init Yni {vamp, Str+3 Int+8 Stlth-}
   (You found it on level 5 of the Dungeon)

   It occasionally heals its wielder for a portion of the damage dealt when it
   wounds a living foe.
   Str:       It affects your strength (+3).
   Int:       It affects your intelligence (+8).
   Stlth:     It makes you less stealthy.
 K - a +0 glaive
Missiles
 i - 307 stones
 l - 3 boomerangs
 n - 11 poisoned darts (quivered)
 A - 4 silver javelins
 D - 4 datura-tipped darts
 G - 2 curare-tipped darts
Armour
 m - a +0 scale mail
 q - a +0 chain mail (worn)
 y - a +1 helmet (worn)
 B - an orb of guile
 I - a +0 kite shield
 J - a +0 cloak (worn)
Jewellery
 f - an amulet of reflection (around neck)
 h - a ring of protection from fire
 j - a ring of willpower (right hand)
 s - a ring of magical power
 u - a +6 ring of dexterity (left hand)
 z - a ring of fire
 H - a ring of protection from fire
 L - a +4 ring of evasion
Wands
 c - a wand of flame (7)
 d - a wand of charming (29)
 e - a wand of iceblast (1)
 g - a wand of acid (10)
 p - a wand of paralysis (5)
Scrolls
 k - a scroll of vulnerability
 o - 2 scrolls of blinking
 r - a scroll of amnesia
 t - 3 scrolls of teleportation
 v - a scroll of enchant weapon
 w - 2 scrolls of brand weapon
 x - 2 scrolls of immolation
 C - 4 scrolls of silence
 E - a scroll of fog
 F - a scroll of torment
 M - a scroll of summoning {unknown}


   Skills:
 + Level 8.5 Fighting
 - Level 1.5 Maces & Flails
 * Level 8.8 Polearms
 + Level 4.7 Throwing
 + Level 3.9 Armour
 + Level 5.6 Dodging
 + Level 4.9 Stealth
 - Level 4.0 Evocations


You had 10 spell levels left.
You didn't know any spells.
Your spell library contained the following spells:

 Spells                   Type           Power      Damage    Failure   Level
 Pain                     Necr           0%         1d4       98%         1
 Conjure Flame            Conj/Fire      0%         6-21      100%        3
 Ignite Poison            Fire/Tmut/Pois 0%         N/A       100%        3
 Mephitic Cloud           Conj/Pois/Air  0%         N/A       100%        3
 Sticky Flame             Conj/Fire      0%         2d3       100%        4
 Agony                    Necr           0%         N/A       100%        5
 Excruciating Wounds      Necr           0%         N/A       100%        5
 Freezing Cloud           Conj/Ice/Air   0%         6-21      100%        5


Dungeon Overview and Level Annotations

Branches:
Dungeon (10/15)            Temple (1/1) D:5            Lair (0/6) D:9
    Orc (0/2) D:9

Altars:
Ashenzari
Cheibriados
Dithmenos
Elyvilon
Fedhas
Gozag
Hepliaklqana
Kikubaaqudgha
Makhleb
Nemelex Xobeh
Okawaru
Qazlal
Ru
Sif Muna
Trog
Uskayaw
Vehumet
Wu Jian
Xom
Yredelemnul
Zin
The Shining One
Beogh


Innate Abilities, Weirdness & Mutations

You are immune to poison.
Your flesh is cold resistant. (rC+)
You are immune to negative energy. (rN+++)
You are immune to unholy pain and torment.
You are vulnerable to heat. (rF-)
You are in touch with the powers of death.
You do not drink.


Message History

You block the yak's attack. The yak gores you! x2
* * * LOW HITPOINT WARNING * * *
You are too injured to fight recklessly!
You are too injured to fight recklessly!
You are too injured to fight recklessly!
You closely miss the yak.
The yak is almost dead.
You hit the yak.
You kill the yak!
The yak barely misses you. The yak gores you.
* * * LOW HITPOINT WARNING * * *
You puncture the yak!
The yak is moderately wounded.
The yak gores you!
* * * LOW HITPOINT WARNING * * *
The yak barely misses you.
You puncture the yak!
The yak is severely wounded.
The yak gores you!
* * * LOW HITPOINT WARNING * * *
The yak gores you but does no damage.
You hit the yak.
The yak is severely wounded.
The yak closely misses you. The yak gores you!
* * * LOW HITPOINT WARNING * * *
You hit the yak. You punch the yak, but do no damage.
The yak is severely wounded.
The yak closely misses you. You block the yak's attack.
The yak is distracted by your dazzling golden aura.
The yak is no longer distracted by gold.
The yak is distracted by your dazzling golden aura.
The yak attacks as you move away! The yak closely misses you.
The yak attacks as you move away! The yak gores you.
* * * LOW HITPOINT WARNING * * *
The yak is no longer distracted by gold.
The yak attacks as you move away! The yak barely misses you.
The yak is distracted by your dazzling golden aura.
The yak attacks as you move away! The yak gores you!
You die...
Your body crumbles into a pile of gold.

.#.#.............
..........# .........$#
..........#######
#.........$.....#
#..........$....#
#...............#
#...........Y...#######
...............Y@.....#
#.....................#
#.....................#
###...................#
###...................#
.............##########
###..........# #
#..........#### #
#.#####........


You could see 2 yaks.

Vanquished Creatures
  4 two-headed ogres
  Maurice (D:9)
  A troll (D:9)
  Sigmund (D:8)
  3 wyverns
  3 wraiths
  14 yaks
  2 steam dragons (D:8)
  Edmund (D:4)
  An acid dragon (D:10)
  Duvessa (D:5)
  A water moccasin (D:5)
  An orc warrior (D:8)
  2 black bears (D:5)
  4 ice beasts
  A sky beast (D:4)
  3 wolves (D:9)
  5 ogres
  2 centaurs
  A gnoll sergeant (D:9)
  2 bullfrogs
  A scorpion (D:5)
  3 wights (D:10)
  The ghost of initializr the Sneak, a weakling TrDe (D:5)
  Dowan (D:5)
  10 killer bees
  6 howler monkeys (D:9)
  5 electric eels
  2 gnoll shamans (D:8)
  9 orc priests
  6 hounds
  4 iguanas (D:5)
  3 jellies
  9 orc wizards
  Natasha (D:2)
  19 gnolls
  4 adders
  A white imp (D:7)
  3 ufetubi
  A worm (D:4)
  A dart slug (D:4)
  33 orcs
  6 bats
  4 endoplasms
  3 giant cockroaches
  6 goblins
  5 hobgoblins
  5 jackals (D:5)
  2 quokkas
  5 ball pythons
  11 frilled lizards
  6 kobolds
  4 rats
234 creatures vanquished.

Vanquished Creatures (others)
  An orc wizard (D:8)
  A white imp (D:8)
  16 plants
18 creatures vanquished.

Grand Total: 252 creatures vanquished

Notes
Turn   | Place    | Note
-------+----------+-------------------------------------------
     0 | D:1      | tilp the Mummy Artificer began the quest for the Orb.
     0 | D:1      | Reached XP level 1. HP: 15/15 MP: 1/1
   249 | D:1      | Reached skill level 1 in Stealth
   263 | D:1      | Reached skill level 1 in Dodging
   314 | D:1      | Reached XP level 2. HP: 21/21 MP: 2/2
   794 | D:2      | Noticed Natasha
   799 | D:2      | Killed Natasha
   800 | D:2      | Gained mutation: You are in touch with the powers of death.
                  | [Mummy growth]
   800 | D:2      | Reached XP level 3. HP: 27/27 MP: 3/3
   895 | D:2      | Noticed an ogre
   994 | D:2      | Reached skill level 1 in Throwing
  1196 | D:2      | Killed an ogre
  1197 | D:2      | Reached XP level 4. HP: 33/33 MP: 4/4
  1364 | D:3      | Reached XP level 5. HP: 38/38 MP: 5/5
  1940 | D:3      | Reached skill level 1 in Maces & Flails
  2578 | D:4      | Noticed a sky beast
  2594 | D:4      | Reached XP level 6. HP: 11/46 MP: 6/6
  2929 | D:4      | Noticed Edmund
  3126 | D:4      | Identified the +5 trident of Etuqeuz {vorpal, rElec rF+}
  3224 | D:4      | Killed Edmund
  3225 | D:4      | Reached XP level 7. HP: 31/52 MP: 7/7
  3775 | D:4      | Reached skill level 1 in Polearms
  4001 | D:5      | Entered Level 5 of the Dungeon
  4544 | D:5      | Noticed initializr's ghost (weakling TrDe)
  4547 | D:5      | Found a runed translucent door.
  4683 | D:5      | Identified the +12 short sword of Init Yni {vamp, Str+3
                  | Int+8 Stlth-}
  4705 | D:5      | Reached XP level 8. HP: 58/58 MP: 8/8
  4818 | D:5      | Noticed Duvessa
  4819 | D:5      | Noticed Dowan
  4934 | D:5      | Killed Duvessa
  4938 | D:5      | Killed Dowan
  5092 | D:5      | Found a staircase to the Ecumenical Temple.
  5108 | Temple   | Entered the Ecumenical Temple
  5373 | Temple   | Became a worshipper of Gozag Ym Sagoz the Greedy
  7034 | D:6      | Found a burning altar of Makhleb.
  7074 | D:6      | Reached XP level 9. HP: 57/67 MP: 9/9
  7365 | D:7      | Reached skill level 5 in Fighting
  7880 | D:7      | Reached skill level 5 in Polearms
  8160 | D:8      | Noticed a two-headed ogre
  8177 | D:8      | Killed a two-headed ogre
  9417 | D:8      | Noticed Sigmund
  9429 | D:8      | Killed Sigmund
  9570 | D:8      | Reached XP level 10. HP: 76/77 MP: 10/10
 10046 | D:9      | Found a staircase to the Orcish Mines.
 10612 | D:9      | Reached skill level 5 in Dodging
 10945 | D:9      | Found a staircase to the Lair.
 10984 | D:9      | Noticed a two-headed ogre
 10991 | D:9      | Noticed a two-headed ogre
 10992 | D:9      | Killed a two-headed ogre
 11010 | D:9      | Killed a two-headed ogre
 11011 | D:9      | Reached XP level 11. HP: 56/86 MP: 11/11
 11435 | D:9      | Noticed Maurice
 11453 | D:9      | Killed Maurice
 11723 | D:5      | Killed initializr's ghost
 11791 | D:10     | Entered Level 10 of the Dungeon
 12069 | D:10     | Noticed a two-headed ogre
 12081 | D:10     | Killed a two-headed ogre
 12900 | D:10     | Slain by a yak

Illustrated notes

Levels and vault maps discovered:
D:1:      minmay_arrival_semitransparent, layout_basic
D:2:      minmay_chambers_of_ones, layout_rooms, uniq_natasha
D:3:      kennysheep_big_flooded_room, layout_basic, serial_park_tiny_pond
D:4:      layout_loops_ring, uniq_edmund
D:5:      layout_basic, minmay_temple_entry_crystal_x,
          hellmonk_ghost_happy_afterlife, minmay_lizard_king, uniq_duvessa
D:6:      layout_rooms, mainiacjoe_overflow_six_doors_small,
          nicolae_ossuary_entry_ruins
D:7:      layout_loops_ring, minmay_splitting_lines, minivault_25,
          serial_bayou_ford_a
D:8:      layout_rooms, sigmund_army
D:9:      layout_roguey, erik_lair_island, minmay_orc_entry_temple_small,
          uniq_maurice
D:10:     layout_basic
Temple:   nicolae_temple_the_god_donut

Skill      XL: |  1  2  3  4  5  6  7  8  9 10 |
---------------+-------------------------------+-----
Stealth        | 1 2 3 4 |  4.9
Dodging        | 1 2 3 4 5 |  5.6
Armour         | 2 3 |  3.9
Throwing       | 2 3 4 |  4.7
Fighting       | 2 3 4 6 8 |  8.5
Evocations     | 3 4 |  4.0
Maces & Flails | 1 |  1.5
Polearms       | 2 4 6 8 |  8.8

Action                   |  1- 3 |  4- 6 |  7- 9 | 10-12 || total
-------------------------+-------+-------+-------+-------++-------
Melee: Spear             |     7 |       |       |       ||     7
       Morningstar       |    57 |    95 |       |       ||   152
       Punch             |     1 |       |     5 |     5 ||    11
       Trident           |       |     9 |   298 |   287 ||   594
Throw: Stone             |     4 |     2 |    26 |     2 ||    34
       Dart              |     6 |     8 |     6 |    18 ||    38
       Boomerang         |       |       |       |     6 ||     6
Evoke: Wand              |     1 |     7 |     7 |     7 ||    22
  Use: Scroll            |     3 |     3 |     8 |     2 ||    16
 Stab: Sleeping          |     1 |       |       |       ||     1
       Distracted        |       |       |     1 |     2 ||     3
Armor: Leather armour    |     9 |       |       |       ||     9
       Scale mail        |    32 |    40 |       |       ||    72
       Chain mail        |       |       |   114 |    68 ||   182
Dodge: Dodged            |    35 |    68 |   103 |   102 ||   308
Block: Other             |    20 |    27 |    58 |    50 ||   155
       Reflection        |     1 |     2 |       |       ||     3

Table legend: (Time is in decaauts)
 A = Elapsed time spent in this place.
 B = Non-inter-level travel time spent in this place.
 C = Inter-level travel time spent in this place.
 D = Time resting spent in this place.
 E = Time spent auto-exploring this place.
 F = Levels seen in this place.
 G = Mean time per level.
                   A        B        C        D        E       F      G
               +--------+--------+--------+--------+--------+-----+--------+
         Total |  13037 |  12520 |    517 |   4033 |   6329 |  11 | 1185.2 |
       Dungeon |  12760 |  12274 |    486 |   4033 |   6101 |  10 | 1276.0 |
        Temple |    277 |    246 |     31 |      0 |    228 |   1 |  277.0 |
               +--------+--------+--------+--------+--------+-----+--------+

Top non-repeatable levels by time:
     D:5: 2533 daAuts
     D:9: 2069 daAuts
     D:4: 1409 daAuts
     D:3: 1342 daAuts
     D:7: 1267 daAuts
     D:8: 1177 daAuts
    D:10: 1096 daAuts
     D:1: 673 daAuts
     D:2: 671 daAuts
     D:6: 518 daAuts
  Temple: 277 daAuts
